 Dungeon Crawl Stone Soup version 0.30-a0-1114-gd936c97349 (webtiles) character file.

Game seed: 2057971049612118739

149 BlueFish the Grasshopper (level 5, -4/30 (35) HPs)
             Began as an Octopode Warper on Apr 20, 2023.
             Slain by Terence
             ... wielding the +7 Throatcutter {drain, coup de grace}
              (14 damage)
             ... on level 3 of the Dungeon.
             The game lasted 00:05:05 (2446 turns).

BlueFish the Grasshopper (Octopode Warper)          Turns: 2446, Time: 00:05:05

HP:   -4/30 (35)    AC:  3    Str: 13    XL:     5   Next: 31%
MP:   17/17         EV: 13    Int: 21    God:
Gold: 198           SH:  5    Dex: 11    Spells: 1/8 levels left

rFire   . . .      SeeInvis .    a - +2 whip (elec)
rCold   . . .      Faith    .    (no shield)
rNeg    . . .      Spirit   .    d - +2 hat
rPois   .          Reflect  +    n - amulet of reflection
rElec   .          Rampage  .    i - ring of magical power
rCorr   .                        s - +6 ring of intelligence
Will    .....                    (no ring)
Stlth   +++                      (no ring)
HPRegen 0.25/turn                (no ring)
MPRegen 0.15/turn                (no ring)
                                 (no ring)
                                 (no ring)

@: heavily drained
A: almost no armour, amphibious, 8 rings, camouflage 1, gelatinous body 1,
(nimble swimmer 1), tentacles
a: no special abilities


You were on level 3 of the Dungeon.
You visited 1 branch of the dungeon, and saw 3 of its levels.

You collected 198 gold pieces.

Inventory:

Hand Weapons
 a - a +2 whip of electrocution (weapon)
 b - a +0 sling
 f - a +0 mace
Missiles
 c - 7 boomerangs of dispersal
 e - 13 stones (quivered)
Armour
 d - a +2 hat (worn)
Jewellery
 i - a ring of magical power (left tentacle)
 n - an amulet of reflection (around mantle)
 s - a +6 ring of intelligence (right tentacle)
Wands
 p - a wand of flame (20)
Scrolls
 k - a scroll of amnesia
 m - 3 scrolls of blinking
 o - 3 scrolls of vulnerability
 r - a scroll of noise {unknown}
 t - a scroll of fear {unknown}
Potions
 g - a potion of magic
 h - 3 potions of curing
 j - a potion of berserk rage
 l - a potion of flight {unknown}
 q - 2 potions of lignification


   Skills:
 + Level 2.6 Fighting
 + Level 2.6 Maces & Flails
 + Level 2.0 Throwing
 + Level 3.0 Dodging
 * Level 3.3 Stealth
 + Level 2.3 Spellcasting
 + Level 3.3 Translocations


You had one spell level left.
You knew the following spells:

 Your Spells              Type           Power      Damage    Failure   Level
a - Blink                 Tloc           32%        N/A       5%          2
b - Lesser Beckoning      Tloc           32%        N/A       5%          2
c - Teleport Other        Tloc           16%        N/A       11%         3

Your spell library contained the following spells:

 Spells                   Type           Power      Damage    Failure   Level
 Vhi's Electric Charge    Tloc/Air       18%        N/A       22%         3
 Manifold Assault         Tloc           16%        N/A       34%         4


Dungeon Overview and Level Annotations

Branches:
Dungeon (3/15)

Altars:

Annotations:
D:3 Terence


Innate Abilities, Weirdness & Mutations

You cannot wear most types of armour.
You are amphibious.
You can wear up to eight rings at the same time.
Your skin changes colour to match your surroundings (Stealth+).
Your rubbery body absorbs attacks. (AC +1, EV +1)
((You are camouflaged when in or above water. (Stealth+)))
You have tentacles for arms and can constrict up to eight enemies at once.


Message History

You kill the endoplasm!
You hear the crackle of electricity.
a - a +2 whip of electrocution (weapon)
Your +2 whip of electrocution stops crackling.
b - a +0 sling (weapon)
No target in view!
Terence the Incautious comes into view.
He is wielding the +7 Throatcutter {drain, coup de grace}.
You hear the crackle of electricity.
a - a +2 whip of electrocution (weapon)
Removed exclusion.
Press: ? - help, . - travel You can't see that place. [the floor.] Terence shouts!
You closely miss Terence. You grab Terence.
You squeeze Terence, but do no damage.
You constrict Terence, but do no damage.
Terence hits you with the +7 Throatcutter {drain, coup de grace}.
You feel drained.
You hit Terence but do no damage. You squeeze Terence.
Terence is moderately wounded.
You constrict Terence.
Terence hits you with the +7 Throatcutter {drain, coup de grace}.
You feel drained.
You hit Terence.
Terence is heavily wounded.
You constrict Terence.
Terence hits you with the +7 Throatcutter {drain, coup de grace}!
You feel drained.
* * * LOW HITPOINT WARNING * * *
You hit Terence. You squeeze Terence, but do no damage.
Terence is severely wounded.
You constrict Terence, but do no damage.
Terence barely misses you.
You hit Terence but do no damage.
You tentacle-slap Terence, but do no damage.
Terence is severely wounded.
You constrict Terence.
Terence hits you with the +7 Throatcutter {drain, coup de grace}!
You die...

###..###### ##.......#
.....# ####.)##.##.#
##.### #....###.##.###
##.#########.####........#
...#.........# #........#
###).######### #........#
....## ##........# .####
#######?........# ##
#......@......### #
..####@#.###..# ### #.#.#
#..# ....# ..#.# #..#
####. #....# ..# #.#### .#
# #. # .. .#


You could see Terence.

Vanquished Creatures
  Ijyb (D:3)
  A gnoll (D:1)
  3 adders (D:2)
  2 worms
  4 dart slugs
  5 endoplasms
  A giant cockroach (D:1)
  3 goblins
  4 hobgoblins
  8 jackals
  9 kobolds
  4 quokkas
  8 ball pythons
  8 bats
  6 frilled lizards
  8 rats
75 creatures vanquished.

Notes
Turn   | Place    | Note
-------+----------+-------------------------------------------
     0 | D:1      | BlueFish the Octopode Warper began the quest for the Orb.
     0 | D:1      | Reached XP level 1. HP: 14/14 MP: 3/3
    73 | D:1      | Reached skill level 1 in Stealth
    85 | D:1      | Reached XP level 2. HP: 4/19 MP: 5/5
    88 | D:1      | Learned a level 2 spell: Blink
    91 | D:1      | Learned a level 2 spell: Lesser Beckoning
   541 | D:1      | Reached XP level 3. HP: 17/24 MP: 6/6
   896 | D:2      | Reached XP level 4. HP: 14/30 MP: 7/7
   900 | D:2      | Learned a level 3 spell: Teleport Other
  2167 | D:3      | Reached XP level 5. HP: 33/35 MP: 8/8
  2291 | D:3      | Noticed Ijyb
  2306 | D:3      | Killed Ijyb
  2437 | D:3      | Noticed Terence
  2446 | D:3      | Slain by Terence

Illustrated notes

Levels and vault maps discovered:
D:1:      spicycebolla_arrival_xxxplode, layout_basic, st_stairs_9,
          feat_on_display
D:2:      minmay_angry_zag, layout_loops_corners
D:3:      layout_rooms, uniq_ijyb, uniq_terence

Skill      XL: |  1  2  3  4  5 |
---------------+----------------+-----
Stealth        | 1 2 3 |  3.3
Throwing       | 2 |  2.0
Dodging        | 3 |  3.0
Fighting       | |  2.6
Maces & Flails | |  2.6
Spellcasting   | |  2.3
Translocations | |  3.3

Action                     |  1- 3 |  4- 6 || total
---------------------------+-------+-------++-------
  Melee: Mace              |    77 |    59 ||   136
         Constrict         |    19 |    19 ||    38
         Tentacles         |     8 |    13 ||    21
         Punch             |     2 |     2 ||     4
         Whip              |       |    16 ||    16
   Fire: Sling             |       |    39 ||    39
   Cast: Lesser Beckoning  |       |     1 ||     1
    Use: Scroll            |       |     9 ||     9
   Stab: Sleeping          |     7 |     3 ||    10
 Armour: Skin              |     3 |     2 ||     5
  Dodge: Dodged            |    61 |    59 ||   120
  Block: Other             |       |     2 ||     2

Table legend: (Time is in decaauts)
 A = Elapsed time spent in this place.
 B = Non-inter-level travel time spent in this place.
 C = Inter-level travel time spent in this place.
 D = Time resting spent in this place.
 E = Time spent auto-exploring this place.
 F = Levels seen in this place.
 G = Mean time per level.
                   A        B        C        D        E       F      G
               +--------+--------+--------+--------+--------+-----+--------+
         Total |   2478 |   2379 |     99 |    100 |   1762 |   3 |  826.0 |
       Dungeon |   2478 |   2379 |     99 |    100 |   1762 |   3 |  826.0 |
               +--------+--------+--------+--------+--------+-----+--------+

Top non-repeatable levels by time:
     D:2: 1290 daAuts
     D:1: 907 daAuts
     D:3: 280 daAuts
